 Dungeon Crawl Stone Soup version 0.28-a0-872-g80cf8599ee (webtiles) character file.

Game seed: 1668340092885661715

259 sanka the Chopper (level 5, 0/43 HPs)
             Began as a Palentonga Abyssal Knight on Nov 20, 2021.
             Was a Believer of Lugonu.
             Slain by a lemure (1 damage)
             ... led by Pikel
             ... on level 4 of the Dungeon.
             The game lasted 00:04:46 (3258 turns).

sanka the Chopper (Palentonga Abyssal Knight)       Turns: 3258, Time: 00:04:47

Health: 0/43       AC:  5    Str: 17    XL:     5   Next: 95%
Magic:  7/7        EV:  9    Int: 11    God:    Lugonu [**....]
Gold:   106        SH:  0    Dex: 10    Spells: 4/4 levels left

rFire   . . .      SeeInvis +   a - +0 war axe
rCold   . . .      Faith    .   (no shield)
rNeg    . . .      Spirit   .   b - +0 leather armour
rPois   .          Reflect  .   (no helmet)
rElec   .          Harm     .   f - +0 cloak
rCorr   .          Rampage  .   (no gloves)
Will    .....                   (no barding)
Stlth   +.........              (no amulet)
HPRegen 0.14/turn               (no ring)
MPRegen 0.10/turn               (no ring)

@: no status effects
A: large, rugged brown scales 3, see invisible, deformed body, roll 1, armoured
tail
a: Rolling Charge, Renounce Religion, Depart the Abyss, Bend Space


You were on level 4 of the Dungeon.
You worshipped Lugonu.
Lugonu was pleased with you.
You visited 1 branch of the dungeon, and saw 5 of its levels.
You visited the Abyss 1 time.

You collected 106 gold pieces.


Innate Abilities, Weirdness & Mutations

You are completely covered in rugged brown scales. (AC +3, +7% HP)
You have supernaturally acute eyesight. (SInv)
Armour fits poorly on your strangely shaped body.
You can roll at nearby foes to attack.
You have a long armoured tail.


   Skills:
 - Level 3.0 Fighting
 - Level 6.0 Axes
 - Level 1.5 Armour
 - Level 0.7 Dodging
 + Level 2.9 Invocations


You had 4 spell levels left.
You didn't know any spells.
Your spell library contained the following spells:

 Spells                   Type           Power      Damage    Failure   Level
 Blink                    Tloc           0%         N/A       54%         2
 Lesser Beckoning         Tloc           0%         N/A       77%         3
 Ozocubu's Armour         Ice            0%         N/A       77%         3
 Manifold Assault         Tloc           0%         N/A       100%        5
 Metabolic Englaciation   Hex/Ice        0%         N/A       100%        5
 Simulacrum               Ice/Necr       0%         N/A       100%        6

Inventory:

Hand Weapons
 a - a +0 war axe (weapon)
Missiles
 k - 2 javelins
Armour
 b - a +0 leather armour (worn)
 f - a +0 cloak (worn)
Magical Staves
 j - a staff of air
Wands
 g - a wand of iceblast (9)
Scrolls
 d - 3 scrolls of identify {unknown}
 e - 2 scrolls of enchant armour {unknown}
 i - a scroll of vulnerability {unknown}
 m - a scroll of immolation {unknown}
 o - a scroll of holy word {unknown}
 p - a scroll of enchant weapon {unknown}
 q - 2 scrolls of amnesia {unknown}
 s - a scroll of teleportation {unknown}
Potions
 c - a potion of curing {unknown}
 h - a potion of brilliance {unknown}
 l - 2 potions of lignification {unknown}
 n - 2 potions of mutation {unknown}
 r - a potion of flight {unknown}

Dungeon Overview and Level Annotations

Branches:
Dungeon (5/15)             Temple (0/1) D:4

Altars:

Shops:
D:2 (

Annotations:
D:5 Pikel

▒▒▒▒ ▒▒▒▒▒▒..▒▒▒ ▒▒.▒.......▒▒
▒▒▒▒...........▒▒
▒▒▒▒...▒...........▒
▒▒......^.....▒.....▒
▒......5......▒.....▒
▒▒....5H.▒▒...▒...▒▒▒
▒▒▒..............▒
▒▒.▒..............▒
▒.....▒▒▒........▒▒▒
▒▒..................▒▒▒▒▒
▒▒▒▒....▒▒...▒..............
▒▒.....▒▒▒...[▒▒.▒▒<......▒.▒
▒▒
▒.....▒..▒...........▒...▒.▒.
.▒
▒▒.....▒............▒▒▒▒.▒.▒.▒


You could see 2 lemures.


Message History

You hit the lemure but do no damage.
The lemure is severely wounded.
You barely miss the lemure. The lemure hits you but does no damage.
The lemure hits you but does no damage.
Unknown command.
You hit the lemure but do no damage.
The lemure is severely wounded.
You hit the lemure but do no damage. The lemure hits you but does no damage.
The lemure hits you. The lemure hits you!
* * * LOW HITPOINT WARNING * * *
Unknown command.
You barely miss the lemure.
The lemure is severely wounded.
You hit the lemure. The lemure hits you.
* * * LOW HITPOINT WARNING * * *
The lemure hits you but does no damage.
Unknown command.
You barely miss the lemure.
The lemure is severely wounded.
You hit the lemure. The lemure hits you!
* * * LOW HITPOINT WARNING * * *
The lemure hits you.
* * * LOW HITPOINT WARNING * * *
The lemure hits you.
You die...

Action                   |  1- 3 |  4- 6 || total
-------------------------+-------+-------++-------
Melee: Hand axe          |    99 |    49 ||   148
       Tailslap          |     8 |     5 ||    13
       War axe           |       |    12 ||    12
 Abil: Rolling Charge    |     1 |     1 ||     2
Armor: Leather armour    |    35 |    21 ||    56
Dodge: Dodged            |    43 |    27 ||    70

Levels and vault maps discovered:
D:1:      heliophobic_arrival_battle_scene, layout_basic,
          minmay_shallow_snake_nest
D:2:      layout_loops_ring, serial_shops, nicolae_shop_hallway_plus,
          basic_altar, hangedman_decor_lopped, uniq_jessica,
          uniq_crazy_yiuf_cottage
D:3:      layout_rooms, serial_bayou_ford_a
D:4:      layout_cave_pools, minmay_temple_entry_grid, serial_column_ruins,
          column_ruins_open_small_water, column_ruins_columns_straight,
          column_ruins_corridor_dead_end, column_ruins_open_tiny
D:5:      layout_loops_ring, grunt_decor_one_mirror, grunt_ministairs_4,
          uniq_blork_the_orc, uniq_grinder, uniq_pikel

Notes
Turn   | Place    | Note
-------+----------+-------------------------------------------
     0 | Abyss:1  | sanka the Palentonga Abyssal Knight began the quest for the
                  | Orb.
     0 | Abyss:1  | Reached XP level 1. HP: 19/19 MP: 2/2
    68 | D:1      | Escaped the Abyss
   315 | D:1      | Reached XP level 2. HP: 11/25 MP: 3/3
   546 | D:1      | Reached skill level 3 in Axes
   608 | D:1      | Reached ** piety under Lugonu
   879 | D:2      | Reached XP level 3. HP: 24/31 MP: 4/4
  1059 | D:2      | Found Amuanaag's Weapon Shop.
  1230 | D:3      | Reached skill level 4 in Axes
  1705 | D:4      | Noticed a phantom
  1818 | D:4      | Found a staircase to the Ecumenical Temple.
  1844 | D:4      | Noticed a scorpion
  1864 | D:4      | Killed a scorpion
  1865 | D:4      | Reached skill level 5 in Axes
  1865 | D:4      | Reached XP level 4. HP: 30/37 MP: 5/5
  2032 | D:3      | Killed a phantom
  2033 | D:3      | Reached XP level 5. HP: 8/43 MP: 6/6
  2361 | D:3      | Reached skill level 6 in Axes
  3086 | D:5      | Entered Level 5 of the Dungeon
  3086 | D:5      | Noticed an ogre
  3182 | D:5      | Noticed a water moccasin
  3233 | D:5      | Noticed a lemure
  3233 | D:5      | Noticed a lemure
  3235 | D:5      | Noticed Pikel
  3258 | D:4      | HP: 1/43 [lemure[Pikel] (6)]
  3258 | D:4      | Slain by a lemure

Vanquished Creatures
  A phantom (D:3)
  A scorpion (D:4)
  4 gnolls
  3 adders
  A white imp (D:3)
  A dart slug (D:4)
  5 endoplasms
  2 giant cockroaches
  5 goblins
  3 hobgoblins
  4 jackals
  4 kobolds
  2 quokkas
  11 ball pythons
  7 bats
  2 frilled lizards (D:1)
  3 rats (D:1)
59 creatures vanquished.

Vanquished Creatures (others)
  A plant (D:3)
1 creature vanquished.

Grand Total: 60 creatures vanquished
